 Dungeon Crawl Stone Soup version 0.23.2-1-ga50397a (webtiles) character file.

Game seed: 16446979132073058945

963 MalarOregon the Sneak (level 8, -10/62 HPs)
             Began as a Ghoul Enchanter on May 26, 2019.
             Was an Initiate of Dithmenos.
             Mangled by an orc warrior
             ... wielding a +0 war axe
              (20 damage)
             ... on level 6 of the Dungeon.
             The game lasted 00:21:54 (7734 turns).

MalarOregon the Sneak (Ghoul Enchanter)             Turns: 7734, Time: 00:21:54

Health: -10/62     AC:  4    Str: 10 (12) XL:     8   Next: 15%
Magic:  10/10      EV: 12    Int:  9 (12) God:    Dithmenos [......]
Gold:   48         SH:  0    Dex:  8 (9)  Spells: 3/12 levels left

rFire    . . .     SeeInvis .   a - +2 dagger
rCold    + . .     Gourm    .   (no shield)
rNeg     + + +     Faith    .   b - +1 robe
rPois    ∞         Spirit   .   s - +0 helmet
rElec    .         Reflect  .   (no cloak)
rCorr    .         Harm     .   (no gloves)
MR       .....                  (no boots)
Stlth    +++.......             r - amulet of magic regeneration
HPRegen  0.00/turn              (no ring)
MPRegen  0.37/turn              (no ring)

@: rotting
A: rotting body, claws 1, carnivore, cold resistance 1, negative energy
resistance 3, inhibited regeneration, torment resistance, unbreathing
a: Renounce Religion


You were on level 6 of the Dungeon.
You worshipped Dithmenos.
Dithmenos was noncommittal.
You were not hungry.

You visited 2 branches of the dungeon, and saw 7 of its levels.

You collected 240 gold pieces.
You spent 192 gold pieces at shops.

Inventory:

Hand Weapons
 a - a +2 dagger (weapon)
Missiles
 f - 4 poisoned javelins (quivered)
 i - a throwing net {!f}
 n - 6 javelins
Armour
 b - a +1 robe (worn)
 s - a +0 helmet (worn)
   (You found it on level 4 of the Dungeon)
Jewellery
 k - a cursed amulet of the acrobat {unknown}
   (You found it on level 6 of the Dungeon)
 q - an uncursed ring of ice
   (You found it on level 5 of the Dungeon)
 r - an amulet of magic regeneration (around neck)
   (You found it on level 5 of the Dungeon)
Wands
 v - a wand of digging (5)
   (You found it on level 5 of the Dungeon)
Scrolls
 d - a scroll of magic mapping
 h - 2 scrolls of enchant weapon
 j - 2 scrolls of immolation {!r}
 l - 6 scrolls of remove curse {@r2}
 m - 5 scrolls of identify {@r1}
 p - 2 scrolls of teleportation {@r4}
Potions
 c - a potion of flight
 g - a potion of brilliance
Comestibles
 e - 10 rations {!d}
 o - 5 chunks of flesh


   Skills:
 + Level 2.5 Fighting
 * Level 3.4 Short Blades
 + Level 2.1 Throwing
 + Level 2.9 Dodging
 * Level 5.5 Stealth
 + Level 2.6 Spellcasting
 * Level 3.9 Hexes
 * Level 3.6 Ice Magic


You had 3 spell levels left.
You knew the following spells:

 Your Spells              Type           Power        Failure   Level  Hunger
a - Corona                Hex            #......      6%          1    ##.....
c - Confuse               Hex            #.......     19%         3    ####...
d - Tukima's Dance        Hex            #.......     19%         3    ####...
x - Ensorcelled Hibernat  Hex/Ice        #.....       10%         2    ###....

Your spell library contained the following spells:

 Spells                   Type           Power        Failure   Level  Hunger
 Dazzling Spray           Conj/Hex       #.....       38%         3    ####...


Dungeon Overview and Level Annotations

Branches:
Dungeon (6/15)             Temple (1/1) D:6

Altars:
Ashenzari
Cheibriados
Dithmenos
Elyvilon
Fedhas
Gozag
Hepliaklqana
Kikubaaqudgha
Nemelex Xobeh
Okawaru
Qazlal
Ru
Sif Muna
Uskayaw
Wu Jian
Xom
Yredelemnul

Shops:
D:4 ?

Annotations:
D:2 Sigmund
D:5 Grinder


Innate Abilities, Weirdness & Mutations

Your body is rotting away.
You thrive on raw meat.
You are immune to poison.
You have sharp fingernails.
You are carnivorous and can eat meat at any time.
Your flesh is cold resistant. (rC+)
You are immune to negative energy. (rN+++)
You do not regenerate when monsters are visible.
You are immune to unholy pain and torment.
You can survive without breathing.


Message History

You start resting.
An orc warrior comes into view. It is wielding a +0 war axe.
Aim: an orc warrior, wielding a +0 war axe and wearing a +0 chain mail (hasn't noticed you, chance to defeat MR: 39%)
Okay, then.
An orc comes into view.
The orc warrior shouts!
The orc shouts!
You hit the orc warrior but do no damage.
The orc throws a tomahawk.
The tomahawk barely misses you.
Aim: an orc warrior, wielding a +0 war axe and wearing a +0 chain mail (chance to defeat MR: 39%)
The orc warrior resists with some effort.
The orc warrior hits you with a +0 war axe!!
The orc throws a tomahawk.
The tomahawk hits you but does no damage.
Aim: an orc warrior, wielding a +0 war axe and wearing a +0 chain mail (chance to defeat MR: 39%)
The orc warrior looks drowsy...
The helpless orc warrior fails to defend itself.
You impale the orc warrior!! The orc warrior completely misses you.
Aim: an orc (chance to defeat MR: 57%)
The orc looks drowsy...
The orc warrior hits you but does no damage.
The helpless orc fails to defend itself.
You impale the orc!!
You kill the orc!
Dithmenos accepts your kill.
The orc warrior hits you with a +0 war axe!
* * * LOW HITPOINT WARNING * * *
Aim: an orc warrior, wielding a +0 war axe and wearing a +0 chain mail (severely wounded, chance to defeat MR: 39%)
The orc warrior resists with some effort.
Aim: an orc warrior, wielding a +0 war axe and wearing a +0 chain mail (severely wounded, chance to defeat MR: 39%)
The orc warrior resists with some effort.
The orc warrior misses you.
Things that are here:
a +0 club; a +0 leather armour; an orc skeleton Eat one of 7 chunks of flesh? (ye/n/q)
You eat one of the 7 chunks of flesh.
This raw flesh tastes great!
The orc warrior hits you with a +0 war axe!!
* * * LOW HITPOINT WARNING * * *
Things that are here:
a tomahawk; an orc corpse
Things that are here:
a +0 club; a +0 leather armour; an orc skeleton
Okay, then.
Things that are here:
a tomahawk; an orc corpse
Things that are here:
a +0 club; a +0 leather armour; an orc skeleton Eat one of 6 chunks of flesh? (ye/n/q)
You eat one of the 6 chunks of flesh.
This raw flesh tastes great!
The orc warrior hits you with a +0 war axe!!
You die...

..## ### #.......... .##
..o....... .# .......... ##
..>...... # ......... ## ######
#........
###.#####....######........ #
###......(...o...............
###......#.))###@..............
........#...## #####...........
......###..## ###..$......
.....###.(.# ##...........
....###..(## ##.........>..
#.....#..## ###.....[###....
#........#######...###### ..$.
..###......##...#### ... .##
###.......### ..


You could see an orc warrior.

Vanquished Creatures
  A hornet zombie (D:5)
  An ice beast (D:5)
  An ogre (D:5)
  2 bullfrogs (D:6)
  A wyvern skeleton (D:6)
  A crimson imp (D:5)
  2 hounds
  2 jellies
  3 orc priests (D:3)
  A centaur skeleton (D:5)
  An orc wizard (D:5)
  An iguana (D:4)
  A worker ant (D:6)
  4 adders
  A shadow imp (D:4)
  3 oozes
  An adder skeleton (D:5)
  A worm (D:2)
  4 dart slugs
  2 leopard geckos
  24 orcs
  2 ball pythons
  5 giant cockroaches
  7 goblins
  4 hobgoblins
  2 jackals (D:1)
  11 kobolds
  2 quokkas
  2 bats
  2 frilled lizards
  A quokka skeleton (D:5)
  11 rats
107 creatures vanquished.

Vanquished Creatures (others)
  A hippogriff (D:5)
  A sky beast (D:5)
  A centaur (D:5)
  2 orc wizards (D:5)
  A worker ant (D:5)
  2 adders (D:5)
  A worm (D:5)
9 creatures vanquished.

Grand Total: 116 creatures vanquished

Notes
Turn   | Place    | Note
-------+----------+-------------------------------------------
     0 | D:1      | MalarOregon the Ghoul Enchanter began the quest for the
                  | Orb.
     0 | D:1      | Reached XP level 1. HP: 14/14 MP: 2/2
    56 | D:1      | Reached skill level 1 in Short Blades
   229 | D:1      | Reached XP level 2. HP: 14/22 MP: 3/3
   235 | D:1      | Learned a level 2 spell: Ensorcelled Hibernation
   501 | D:1      | Reached XP level 3. HP: 27/27 MP: 4/4
  1065 | D:2      | Reached XP level 4. HP: 22/34 MP: 1/5
  1180 | D:2      | Found a sparkling altar of Nemelex Xobeh.
  1391 | D:2      | Reached skill level 1 in Fighting
  1449 | D:2      | Reached skill level 1 in Ice Magic
  1465 | D:2      | Noticed Sigmund
  2000 | D:3      | Reached skill level 1 in Throwing
  2000 | D:3      | Reached skill level 4 in Stealth
  2000 | D:3      | Reached XP level 5. HP: 37/40 MP: 0/7
  2327 | D:3      | Learned a level 3 spell: Confuse
  3085 | D:3      | Reached XP level 6. HP: 29/47 MP: 0/8
  3522 | D:4      | Found a sparkling altar of Nemelex Xobeh.
  3527 | D:4      | Found a snail-covered altar of Cheibriados.
  3633 | D:4      | Found a shadowy altar of Dithmenos.
  3649 | D:4      | Became a worshipper of Dithmenos the Shadowed
  3681 | D:4      | Found a hide-covered altar of Uskayaw.
  3728 | D:4      | Found a stormy altar of Qazlal.
  3780 | D:4      | Found Bankan's Magic Scroll Shop.
  3788 | D:4      | Bought a scroll of teleportation for 33 gold pieces
  3788 | D:4      | Bought a scroll of blinking for 82 gold pieces
  3788 | D:4      | Bought a scroll of identify for 22 gold pieces
  3788 | D:4      | Bought a scroll of teleportation for 33 gold pieces
  3788 | D:4      | Bought a scroll of identify for 22 gold pieces
  4073 | D:5      | Entered Level 5 of the Dungeon
  4398 | D:5      | Noticed an ice beast
  4402 | D:5      | Killed an ice beast
  4402 | D:5      | Reached XP level 7. HP: 55/55 MP: 9/9
  4428 | D:5      | Noticed Grinder
  4950 | D:5      | Reached skill level 5 in Stealth
  5064 | D:5      | Killed a hippogriff
  5153 | D:5      | Paralysed by Grinder for 3 turns
  5234 | D:5      | Found Ihaorauplu's Jewellery Shop.
  5410 | D:5      | HP: 2/55 [acid (9)]
  5496 | D:5      | Paralysed by Grinder for 5 turns
  5506 | D:5      | Paralysed by Grinder for 7 turns
  5513 | D:5      | HP: 2/55 [Grinder (8)]
  5517 | D:5      | Paralysed by Grinder for 7 turns
  5951 | D:5      | Found a shimmering altar of Xom.
  6921 | D:6      | Reached XP level 8. HP: 32/61 MP: 8/10
  7062 | D:6      | Learned a level 3 spell: Tukima's Dance
  7230 | D:6      | Found a staircase to the Ecumenical Temple.
  7280 | Temple   | Entered the Ecumenical Temple
  7671 | D:6      | HP: 3/62 [orc warrior/+0 war axe (24)]
  7734 | D:6      | Mangled by an orc warrior

Skill      XL: |  1  2  3  4  5  6  7 |
---------------+----------------------+-----
Short Blades   | 1 2 3 |  3.4
Dodging        | 2 |  2.9
Spellcasting   | 2 |  2.6
Fighting       | 1 2 |  2.5
Ice Magic      | 1 2 3 |  3.6
Throwing       | 1 2 |  2.1
Stealth        | 4 5 |  5.5
Hexes          | 3 |  3.9

Action                   |  1- 3 |  4- 6 |  7- 9 || total
-------------------------+-------+-------+-------++-------
Melee: Dagger            |    47 |   164 |   131 ||   342
Throw: Javelin           |    30 |     7 |    16 ||    53
       Throwing net      |       |       |     1 ||     1
 Cast: Ensorcelled Hiber |     3 |    37 |    39 ||    79
       Confuse           |       |     1 |    21 ||    22
       Corona            |       |     1 |       ||     1
  Use: Scroll            |       |     8 |     2 ||    10
       Potion            |       |       |     6 ||     6
 Stab: Sleeping          |     3 |    24 |    14 ||    41
       Confused          |       |     1 |     4 ||     5
  Eat: Chunk             |     7 |    14 |    16 ||    37
       Ration            |       |       |     1 ||     1
Armor: Robe              |     3 |    16 |    24 ||    43
Dodge: Dodged            |    28 |   102 |    91 ||   221
